TOP OF THE 1ST |
Salem Sledgehammers batting - Pitching for Seattle Rainiers : RHP Domingo García
|
Pitching: RHP Domingo García
|
|
Batting: RHB Luis Bustamante
|
0-0: Ball 1-0: Called Strike 1-1: Swinging Strike 1-2: Strikes out swinging
|
Batting: LHB José Rivera
|
0-0: Called Strike 0-1: Ball 1-1: Ball 2-1: Ball 3-1: Foul Ball, location: 2F 3-2: Foul Ball, location: 2F 3-2: Base on Balls
|
Batting: LHB Nathan Frey
|
0-0: Ball José Rivera is caught stealing 2nd base 1-0: Ball 2-0: Ball 3-0: Called Strike 3-1: Base on Balls
|
Batting: SHB Júlio Salazar
|
0-0: Ball Wild Pitch! Nathan Frey to second 1-0: Called Strike 1-1: Swinging Strike 1-2: Foul Ball, location: 2F 1-2: Ball 2-2: Strikes out swinging
|
Top of the 1st over - 0 run(s), 0 hit(s), 0 error(s), 1 left on base; Salem 0 - Seattle 0 |
BOTTOM OF THE 1ST |
Seattle Rainiers batting - Pitching for Salem Sledgehammers : LHP Jesús González
|
Pitching: LHP Jesús González
|
|
Batting: RHB Alfredo Farías
|
0-0: Ball 1-0: Ball 2-0: Foul Ball, location: 2F 2-1: Ball 3-1: Base on Balls
|
Batting: RHB Tony Hernández
|
0-0: Ball 1-0: Called Strike 1-1: Called Strike 1-2: Ball Alfredo Farías steals 2nd base 2-2: Ball 3-2: Ground out 6-3 (Groundball, 6M) Alfredo Farías to third
|
Batting: LHB Alan Moore
|
0-0: Ball 1-0: Fly out, F8 (Flyball, 8LD) Runner from 3rd tags up, SCORES, no throw
|
Batting: RHB Vincent Braun
|
0-0: Ground out 1-3 (Groundball, 15S)
|
Bottom of the 1st over - 1 run(s), 0 hit(s), 0 error(s), 0 left on base; Salem 0 - Seattle 1 |
TOP OF THE 2ND |
Salem Sledgehammers batting - Pitching for Seattle Rainiers : RHP Domingo García
|
Batting: RHB Bobby Miller
|
0-0: Reached on error, E5 (Groundball, 56)
|
Batting: RHB José García
|
0-0: Called Strike 0-1: Ball 1-1: Swinging Strike 1-2: Strikes out swinging
|
Batting: RHB Patrick Daniels
|
0-0: Called Strike 0-1: Foul Ball, location: 2F 0-2: Ball 1-2: Foul Ball, location: 2F 1-2: Hit by Pitch Bobby Miller to second
|
Batting: LHB Caleb Hall
|
0-0: DOUBLE (Line Drive, 9LM) Bobby Miller scores Patrick Daniels to third
|
Batting: RHB Lakota O'Reilly
|
0-0: Foul Ball, location: 2F 0-1: Ball 1-1: Called Strike 1-2: Ball 2-2: Foul Ball, location: 2F 2-2: Foul Ball, location: 2F 2-2: Ball 3-2: Base on Balls
|
Batting: RHB Luis Bustamante
|
0-0: Grounds into double play, 6-4-3 (Groundball, 6M)
|
Top of the 2nd over - 1 run(s), 1 hit(s), 1 error(s), 2 left on base; Salem 1 - Seattle 1 |
BOTTOM OF THE 2ND |
Seattle Rainiers batting - Pitching for Salem Sledgehammers : LHP Jesús González
|
Batting: RHB Jeremiah Soto
|
0-0: Ball 1-0: Fly out, F9 (Flyball, 9LM)
|
Batting: RHB Juan Robles
|
0-0: Fly out, F6 (Popup, 6S)
|
Batting: LHB Tom Craft
|
0-0: Called Strike 0-1: Ball 1-1: Foul Ball, location: 2F 1-2: Strikes out swinging
|
Bottom of the 2nd over - 0 run(s), 0 hit(s), 0 error(s), 0 left on base; Salem 1 - Seattle 1 |
TOP OF THE 3RD |
Salem Sledgehammers batting - Pitching for Seattle Rainiers : RHP Domingo García
|
Batting: LHB José Rivera
|
0-0: Ball 1-0: Fly out, F9 (Flyball, 89XD)
|
Batting: LHB Nathan Frey
|
0-0: SINGLE (Groundball, 5S) (infield hit)
|
Batting: SHB Júlio Salazar
|
0-0: Called Strike 0-1: Ball 1-1: Ball 2-1: Foul Ball, location: 2F 2-2: SINGLE (Groundball, 34D) Nathan Frey to second Runner from 2nd tries for 3rd, OUT! Júlio Salazar to second
|
Batting: RHB Bobby Miller
|
0-0: Called Strike 0-1: Foul Ball, location: 2F 0-2: Foul Ball, location: 2F 0-2: 2-RUN HOME RUN (Flyball, 7D), Distance : 397 ft
|
Batting: RHB José García
|
0-0: Ball 1-0: Ball 2-0: Ball 3-0: Called Strike 3-1: Ground out 4-3 (Groundball, 34)
|
Top of the 3rd over - 2 run(s), 3 hit(s), 0 error(s), 0 left on base; Salem 3 - Seattle 1 |
BOTTOM OF THE 3RD |
Seattle Rainiers batting - Pitching for Salem Sledgehammers : LHP Jesús González
|
Batting: RHB Bill Dawson
|
0-0: Ball 1-0: Swinging Strike 1-1: Ball 2-1: Ball 3-1: Base on Balls
|
Batting: RHB Jorge Colón
|
0-0: Ball Throwing error on steal attempt, E2 Bill Dawson to third 1-0: Called Strike 1-1: Foul Ball, location: 2F 1-2: Foul Ball, location: 2F 1-2: Strikes out swinging
|
Batting: RHB Alfredo Farías
|
0-0: Ball 1-0: Ball 2-0: Called Strike 2-1: Foul Ball, location: 2F 2-2: Strikes out swinging
|
Batting: RHB Tony Hernández
|
0-0: Swinging Strike 0-1: Ball 1-1: Foul Ball, location: 2F 1-2: Fly out, F5 (Line Drive, 5)
|
Bottom of the 3rd over - 0 run(s), 0 hit(s), 1 error(s), 1 left on base; Salem 3 - Seattle 1 |
TOP OF THE 4TH |
Salem Sledgehammers batting - Pitching for Seattle Rainiers : RHP Domingo García
|
Batting: RHB Patrick Daniels
|
0-0: SINGLE (Line Drive, 6D)
|
Batting: LHB Caleb Hall
|
0-0: Called Strike 0-1: Swinging Strike 0-2: Ball 1-2: Strikes out swinging
|
Batting: RHB Lakota O'Reilly
|
0-0: Called Strike 0-1: Ball 1-1: Ball 2-1: Called Strike 2-2: Strikes out swinging
|
Batting: RHB Luis Bustamante
|
0-0: Ball 1-0: Called Strike 1-1: Swinging Strike 1-2: Strikes out swinging
|
Top of the 4th over - 0 run(s), 1 hit(s), 0 error(s), 1 left on base; Salem 3 - Seattle 1 |
BOTTOM OF THE 4TH |
Seattle Rainiers batting - Pitching for Salem Sledgehammers : LHP Jesús González
|
Batting: LHB Alan Moore
|
0-0: Ground out 6-3 (Groundball, 6)
|
Batting: RHB Vincent Braun
|
0-0: Swinging Strike 0-1: Ball 1-1: Ball 2-1: Foul Ball, location: 2F 2-2: Strikes out swinging
|
Batting: RHB Jeremiah Soto
|
0-0: Ground out 1-3 (Groundball, 13)
|
Bottom of the 4th over - 0 run(s), 0 hit(s), 0 error(s), 0 left on base; Salem 3 - Seattle 1 |
TOP OF THE 5TH |
Salem Sledgehammers batting - Pitching for Seattle Rainiers : RHP Domingo García
|
Batting: LHB José Rivera
|
0-0: Ground out 4-3 (Groundball, 4M)
|
Batting: LHB Nathan Frey
|
0-0: Called Strike 0-1: Ball 1-1: Foul Ball, location: 2F 1-2: Ball 2-2: Foul Ball, location: 2F 2-2: SINGLE (Line Drive, 78M)
|
Batting: SHB Júlio Salazar
|
0-0: Ball 1-0: Foul Ball, location: 2F 1-1: Foul Ball, location: 2F 1-2: Strikes out looking
|
Batting: RHB Bobby Miller
|
0-0: Ball 1-0: Ball 2-0: Ball 3-0: Base on Balls Nathan Frey to second
|
Pitching: RHP Dani Vásquez
|
|
Batting: RHB José García
|
0-0: Ball 1-0: Called Strike 1-1: Foul Ball, location: 2F 1-2: Foul Ball, location: 2F 1-2: Foul Ball, location: 2F 1-2: Strikes out swinging
|
Top of the 5th over - 0 run(s), 1 hit(s), 0 error(s), 2 left on base; Salem 3 - Seattle 1 |
BOTTOM OF THE 5TH |
Seattle Rainiers batting - Pitching for Salem Sledgehammers : LHP Jesús González
|
Batting: RHB Juan Robles
|
0-0: Called Strike 0-1: Ball 1-1: SINGLE (Groundball, 56)
|
Batting: LHB Tom Craft
|
0-0: Ball 1-0: Foul Ball, location: 2F 1-1: Ball 2-1: Foul Ball, location: 2F 2-2: Strikes out looking
|
Batting: RHB Bill Dawson
|
0-0: Swinging Strike 0-1: Ball 1-1: Called Strike 1-2: Ball 2-2: Ball 3-2: Foul Ball, location: 2F 3-2: Strikes out swinging
|
Batting: RHB Jorge Colón
|
0-0: Ball 1-0: SINGLE (Line Drive, 8LS) Juan Robles to second
|
Batting: RHB Alfredo Farías
|
0-0: Called Strike 0-1: Ball 1-1: Fly out, F3 (Popup, 3F)
|
Bottom of the 5th over - 0 run(s), 2 hit(s), 0 error(s), 2 left on base; Salem 3 - Seattle 1 |
TOP OF THE 6TH |
Salem Sledgehammers batting - Pitching for Seattle Rainiers : RHP Dani Vásquez
|
Batting: RHB Patrick Daniels
|
0-0: Ball 1-0: Ground out 4-3 (Groundball, 4M)
|
Batting: LHB Caleb Hall
|
0-0: Swinging Strike 0-1: Ball 1-1: Ball 2-1: Foul Ball, location: 2F 2-2: Foul Ball, location: 2F 2-2: Strikes out swinging
|
Batting: RHB Lakota O'Reilly
|
0-0: DOUBLE (Flyball, 9LS)
|
Batting: RHB Luis Bustamante
|
0-0: Ball Wild Pitch! Lakota O'Reilly to third 1-0: Foul Ball, location: 2F 1-1: Foul Ball, location: 2F 1-2: Foul Ball, location: 2F 1-2: Foul Ball, location: 2F 1-2: 2-RUN HOME RUN (Flyball, 7D), Distance : 384 ft
|
Batting: LHB José Rivera
|
0-0: Called Strike 0-1: Ball 1-1: Ball 2-1: Ball 3-1: Foul Ball, location: 2F 3-2: Foul Ball, location: 2F 3-2: Base on Balls
|
Batting: LHB Nathan Frey
|
0-0: Ball 1-0: Ball 2-0: Ball 3-0: Base on Balls José Rivera to second
|
Batting: SHB Júlio Salazar
|
0-0: Fly out, F4 (Line Drive, 4)
|
Top of the 6th over - 2 run(s), 2 hit(s), 0 error(s), 2 left on base; Salem 5 - Seattle 1 |
BOTTOM OF THE 6TH |
Seattle Rainiers batting - Pitching for Salem Sledgehammers : LHP Jesús González
|
Batting: RHB Tony Hernández
|
0-0: Swinging Strike 0-1: Called Strike 0-2: Strikes out swinging
|
Batting: LHB Alan Moore
|
0-0: Called Strike 0-1: Ground out 5-3 (Groundball, 56)
|
Batting: RHB Vincent Braun
|
0-0: Called Strike 0-1: Swinging Strike 0-2: Ball 1-2: Fly out, F4 (Popup, 4MD)
|
Bottom of the 6th over - 0 run(s), 0 hit(s), 0 error(s), 0 left on base; Salem 5 - Seattle 1 |
TOP OF THE 7TH |
Salem Sledgehammers batting - Pitching for Seattle Rainiers : RHP Dani Vásquez
|
Batting: RHB Bobby Miller
|
0-0: Foul Ball, location: 2F 0-1: Ball 1-1: Called Strike 1-2: Ball 2-2: Ball 3-2: Foul Ball, location: 2F 3-2: Strikes out swinging
|
Batting: RHB José García
|
0-0: Ball 1-0: SOLO HOME RUN (Flyball, 89XD), Distance : 426 ft
|
Batting: RHB Patrick Daniels
|
0-0: Ball 1-0: Foul Ball, location: 2F 1-1: Foul Ball, location: 2F 1-2: Strikes out looking
|
Batting: LHB Caleb Hall
|
0-0: Called Strike 0-1: Fly out, F4 (Line Drive, 4)
|
Top of the 7th over - 1 run(s), 1 hit(s), 0 error(s), 0 left on base; Salem 6 - Seattle 1 |
BOTTOM OF THE 7TH |
Seattle Rainiers batting - Pitching for Salem Sledgehammers : LHP Jesús González
|
Batting: RHB Jeremiah Soto
|
0-0: Called Strike 0-1: Ground out 4-3 (Groundball, 4)
|
Batting: RHB Juan Robles
|
0-0: Called Strike 0-1: Fly out, F9 (Flyball, 89S)
|
Batting: LHB Tom Craft
|
0-0: Ball 1-0: Ball 2-0: Called Strike 2-1: Ball 3-1: DOUBLE (Line Drive, 7LM)
|
Pitching: RHP Jeremiah Boswell
|
|
Batting: RHB Bill Dawson
|
0-0: Fly out, F2 (Popup, 23F)
|
Bottom of the 7th over - 0 run(s), 1 hit(s), 0 error(s), 1 left on base; Salem 6 - Seattle 1 |
TOP OF THE 8TH |
Salem Sledgehammers batting - Pitching for Seattle Rainiers : RHP Dani Vásquez
|
Pitching: RHP Dave Rose
|
|
Batting: RHB Lakota O'Reilly
|
0-0: Ball 1-0: Foul Ball, location: 2F 1-1: Ball 2-1: Ball 3-1: Base on Balls
|
Batting: RHB Luis Bustamante
|
0-0: Called Strike 0-1: Ball 1-1: Ball 2-1: Ball 3-1: SINGLE (Line Drive, 78M) Lakota O'Reilly to second
|
Batting: LHB José Rivera
|
0-0: Swinging Strike 0-1: Ball 1-1: Bunted foul 1-2: Grounds into double play, U4-3 (Groundball, 4) Lakota O'Reilly to third
|
Batting: LHB Nathan Frey
|
0-0: Intentional Walk
|
Batting: SHB Júlio Salazar
|
0-0: Foul Ball, location: 2F 0-1: Ball 1-1: Swinging Strike 1-2: Ball Wild Pitch! Lakota O'Reilly scores Nathan Frey to second 2-2: Strikes out swinging
|
Top of the 8th over - 1 run(s), 1 hit(s), 0 error(s), 1 left on base; Salem 7 - Seattle 1 |
BOTTOM OF THE 8TH |
Seattle Rainiers batting - Pitching for Salem Sledgehammers : RHP Jeremiah Boswell
|
Batting: RHB Jorge Colón
|
0-0: Ball 1-0: Foul Ball, location: 2F 1-1: Hit by Pitch
|
Batting: RHB Alfredo Farías
|
0-0: Foul Ball, location: 2F 0-1: Ball 1-1: Ball 2-1: Foul Ball, location: 2F 2-2: Foul Ball, location: 2F 2-2: Foul Ball, location: 2F 2-2: Foul Ball, location: 2F 2-2: Strikes out looking
|
Batting: RHB Tony Hernández
|
0-0: SINGLE (Line Drive, 78M) Jorge Colón to second
|
Batting: LHB Alan Moore
|
0-0: Ground out U3 (Groundball, 3S) Jorge Colón to third Tony Hernández to second
|
Batting: RHB Vincent Braun
|
0-0: Ball 1-0: Foul Ball, location: 2F 1-1: Ball 2-1: Foul Ball, location: 2F 2-2: Ball 3-2: Ground out 6-3 (Groundball, 6)
|
Bottom of the 8th over - 0 run(s), 1 hit(s), 0 error(s), 2 left on base; Salem 7 - Seattle 1 |
TOP OF THE 9TH |
Salem Sledgehammers batting - Pitching for Seattle Rainiers : RHP Dave Rose
|
Batting: RHB Bobby Miller
|
0-0: Ball 1-0: Called Strike 1-1: Called Strike 1-2: Ball 2-2: Ball 3-2: Ground out 6-3 (Groundball, 6M)
|
Batting: RHB José García
|
0-0: Foul Ball, location: 2F 0-1: Ball 1-1: Foul Ball, location: 2F 1-2: Strikes out swinging
|
Batting: RHB Patrick Daniels
|
0-0: Ball 1-0: Foul Ball, location: 2F 1-1: Swinging Strike 1-2: Strikes out looking
|
Top of the 9th over - 0 run(s), 0 hit(s), 0 error(s), 0 left on base; Salem 7 - Seattle 1 |
BOTTOM OF THE 9TH |
Seattle Rainiers batting - Pitching for Salem Sledgehammers : RHP Jeremiah Boswell
|
Batting: RHB Jeremiah Soto
|
0-0: Foul Ball, location: 2F 0-1: Ball 1-1: Foul Ball, location: 2F 1-2: SOLO HOME RUN (Line Drive, 7D), Distance : 386 ft
|
Batting: RHB Juan Robles
|
0-0: Fly out, F8 (Flyball, 8LXD)
|
Batting: LHB Tom Craft
|
0-0: Ground out U3 (Groundball, 3S)
|
Batting: RHB Bill Dawson
|
0-0: Foul Ball, location: 2F 0-1: Ball 1-1: Ball 2-1: Ground out 5-3 (Groundball, 5D)
|
Bottom of the 9th over - 1 run(s), 1 hit(s), 0 error(s), 0 left on base; Salem 7 - Seattle 2 |
|